 Dungeon Crawl Stone Soup version 0.30-a0-728-gc68057be0a (webtiles) character file.

Game seed: 5806406594685142010

760 Laraso the Cudgeller (level 7, -7/90 HPs)
             Began as an Armataur Berserker on Feb 1, 2023.
             Was a Priest of Trog.
             Mangled by an ogre
             ... wielding a +0 giant club
              (20 damage)
             ... on level 5 of the Dungeon.
             The game lasted 00:06:30 (4053 turns).

Laraso the Cudgeller (Armataur Berserker)           Turns: 4053, Time: 00:06:30

Health: -7/90      AC: 10    Str: 24    XL:     7   Next: 50%
Magic:  7/7        EV:  6    Int:  7    God:    Trog [***...]
Gold:   274        SH:  7    Dex: 10    Spells: 6/6 levels left

rFire   + . .      SeeInvis .    a - +0 flail
rCold   . . .      Faith    .    m - +0 kite shield
rNeg    . . .      Spirit   .    b - +0 animal skin
rPois   .          Reflect  .    (no helmet)
rElec   .          Harm     .    (no cloak)
rCorr   .          Roll     +    (no gloves)
Will    +....                    i - +1 barding Stlth
                                 (no amulet)
HPRegen 0.35/turn                o - ring of willpower
MPRegen 0.10/turn                f - ring of protection from fire

@: berserking, lethally poisoned (-7 -> -12), very quick
A: large, rugged brown scales 3, deformed body, armoured tail, roll, long
tongue, awkward tongue
a: Renounce Religion, Berserk, Trog's Hand


You were on level 5 of the Dungeon.
You worshipped Trog.
Trog was most pleased with you.
You visited 1 branch of the dungeon, and saw 5 of its levels.

You collected 274 gold pieces.

Inventory:

Hand Weapons
 a - a +0 flail (weapon)
 e - a +0 mace
Missiles
 d - a throwing net (quivered)
Armour
 b - a +0 animal skin (worn)
 i - a +1 barding (worn)
 m - a +0 kite shield (worn)
Jewellery
 f - a ring of protection from fire (right hand)
 o - a ring of willpower (left hand)
Wands
 k - a wand of flame (27)
 p - a wand of polymorph (4)
 r - a wand of roots (4)
Scrolls
 c - a scroll of fear
 g - 2 scrolls of poison
 n - a scroll of blinking {unknown}
Potions
 h - 3 potions of degeneration {unknown}
 j - a potion of lignification
 l - a potion of haste
 q - a potion of might


   Skills:
 * Level 3.5 Fighting
 - Level 7.0 Maces & Flails
 * Level 3.9 Armour
 - Level 2.0 Dodging
 - Level 2.0 Shields


You had 6 spell levels left.
You didn't know any spells.
Your spell library was empty.

Dungeon Overview and Level Annotations

Branches:
Dungeon (5/15)
 Temple: D:4-7

Altars:

Shops:
D:1 (:   D:5 ([


Innate Abilities, Weirdness & Mutations

You are completely covered in rugged brown scales. (AC +3, +7% HP)
Armour fits poorly on your strangely shaped body.
You have a long armoured tail.
You roll when moving toward enemies. (Rampage)
Your long tongue fully drains potion bottles. (2x potion effects)
Your tongue gives you trouble enunciating. (1.5x scroll delay)


Message History

You roll towards the orc!
You closely miss the orc. The orc hits you with a +0 club.
You sock the orc!
You kill the orc!
Trog accepts your kill.
You roll towards the scorpion!
You hit the scorpion.
The scorpion is lightly wounded.
The scorpion stings you.
You are poisoned.
The scorpion poisons you! The scorpion stings you.
You are more poisoned.
The scorpion poisons you!
An ogre comes into view. It is wielding a +0 giant club.
You barely miss the scorpion.
Your tail-slap misses the scorpion.
The scorpion is lightly wounded.
You feel extremely sick. You block the scorpion's attack.
You sock the scorpion!
The scorpion is severely wounded.
You feel very sick. The scorpion stings you.
The scorpion stings you but does no damage.
You sock the scorpion!
You kill the scorpion!
Trog accepts your kill.
You feel very sick.
Training target 2.0 for Shields reached!
Your Shields skill increases to level 2!
You barely miss the ogre.
You feel very sick. You block the ogre's attack.
You hit the ogre.
The ogre is lightly wounded.
You feel sick.
The ogre hits you with a +0 giant club!!
* * * LOW HITPOINT WARNING * * *
A red film seems to cover your vision as you go berserk!
You feel yourself moving faster!
You feel mighty!
You feel sick.
The ogre hits you with a +0 giant club!!
You die...

#♣♣ ♣.♣ ♣.♣ .. .∩.
#.. ♣.♣ ### ..## ♣O♣
#.. ..###♣@♣ #..
##...##'#
#..####..###..##
#...........#..##.##
##...................
#...........#...#.###
###...>.....†......#
#.........###......
#.........# .##.#.


You could see an ogre.

Vanquished Creatures
  The ghost of Sabo the Digger, an amateur GrEE (D:4)
  A sky beast (D:4)
  A necrophage (D:4)
  2 scorpions (D:5)
  A water moccasin zombie (D:4)
  A bullfrog skeleton (D:4)
  A hound (D:5)
  2 iguanas (D:5)
  An orc wizard (D:2)
  Terence (D:2)
  A mummy (D:4)
  4 adders
  3 worms
  7 dart slugs
  5 orcs
  5 ball pythons
  7 bats
  8 endoplasms
  10 goblins
  13 hobgoblins
  16 jackals
  6 quokkas
  6 frilled lizards
  5 kobolds
  4 rats
112 creatures vanquished.

Notes
Turn   | Place    | Note
-------+----------+-------------------------------------------
     0 | D:1      | Laraso the Armataur Berserker began the quest for the Orb.
     0 | D:1      | Reached XP level 1. HP: 19/19 MP: 1/1
    92 | D:1      | Reached skill level 3 in Maces & Flails
   109 | D:1      | Reached XP level 2. HP: 15/26 MP: 2/2
   676 | D:1      | Reached XP level 3. HP: 32/32 MP: 3/3
   719 | D:1      | Reached ** piety under Trog
   720 | D:1      | Reached skill level 4 in Maces & Flails
   825 | D:1      | Found Ypnidgh's Book Boutique.
   935 | D:1      | Found Emnur's Antique Weapon Shoppe.
  1285 | D:2      | HP: 1/48 [something (3)]
  1300 | D:2      | Reached XP level 4. HP: 39/39 MP: 4/4
  1768 | D:2      | Reached skill level 5 in Maces & Flails
  1972 | D:2      | Noticed Terence
  1983 | D:2      | Killed Terence
  1984 | D:2      | Reached XP level 5. HP: 44/44 MP: 5/5
  2270 | D:3      | Reached *** piety under Trog
  3253 | D:4      | Reached skill level 6 in Maces & Flails
  3423 | D:4      | Noticed a sky beast
  3436 | D:4      | Killed a sky beast
  3437 | D:4      | Reached XP level 6. HP: 53/53 MP: 6/6
  3634 | D:4      | Found a transporter.
  3634 | D:4      | Noticed Sabo's ghost (amateur GrEE)
  3636 | D:4      | Found a transporter.
  3724 | D:4      | Killed Sabo's ghost
  3725 | D:4      | Reached skill level 7 in Maces & Flails
  3729 | D:4      | Reached skill level 1 in Shields
  3729 | D:4      | Reached XP level 7. HP: 59/59 MP: 7/7
  3818 | D:5      | Entered Level 5 of the Dungeon
  3818 | D:5      | Found Nycleore's Weapon Shop.
  4044 | D:5      | Found Ownou's Antique Armour Boutique.
  4053 | D:5      | Mangled by an ogre

Illustrated notes

Levels and vault maps discovered:
D:1:      sevenhm_arrival_forest_fort_large_2, layout_loops_corners,
          serial_shops, shop, shop
D:2:      kennysheep_six_static_rooms, layout_basic, kennysheep_small_spiral,
          minmay_goblin_kobold_house, uniq_terence
D:3:      layout_loops_cross, grunt_decor_mini_mirrors, minmay_misc_feat_five,
          kennysheep_donut, nicolae_figureground_pulse
D:4:      layout_rooms, gammafunk_ghost_mausoleum, minmay_misc_feat_rows
D:5:      minmay_chambers_of_threes, layout_rooms,
          nicolae_overflow_hallway_of_the_gods, serial_shops, shop_fountains,
          kennysheep_small_circle, uniq_pikel

Skill      XL: |  1  2  3  4  5  6  7 |
---------------+----------------------+-----
Maces & Flails | 3 4 5 6 7 |  7.0
Shields        | 1 2 |  2.0
Fighting       | 3 |  3.5
Armour         | 3 |  3.9
Dodging        | 2 |  2.0

Action                     |  1- 3 |  4- 6 |  7- 9 || total
---------------------------+-------+-------+-------++-------
  Melee: Mace              |   130 |       |       ||   130
         Tailslap          |     9 |    17 |     4 ||    30
         Punch             |     1 |       |       ||     1
         Flail             |       |   181 |    41 ||   222
  Throw: Throwing net      |       |     1 |       ||     1
 Invoke: Berserk           |     1 |     2 |     1 ||     4
    Use: Potion            |     4 |       |       ||     4
         Scroll            |     3 |    10 |       ||    13
   Stab: Sleeping          |       |     2 |     1 ||     3
 Armour: Animal skin       |    56 |    99 |    20 ||   175
         Skin              |     6 |       |       ||     6
  Dodge: Dodged            |    53 |    57 |    12 ||   122
  Block: Kite shield       |     1 |    57 |    13 ||    71

Table legend: (Time is in decaauts)
 A = Elapsed time spent in this place.
 B = Non-inter-level travel time spent in this place.
 C = Inter-level travel time spent in this place.
 D = Time resting spent in this place.
 E = Time spent auto-exploring this place.
 F = Levels seen in this place.
 G = Mean time per level.
                   A        B        C        D        E       F      G
               +--------+--------+--------+--------+--------+-----+--------+
         Total |   4146 |   3999 |    147 |    346 |   2821 |   5 |  829.2 |
       Dungeon |   4146 |   3999 |    147 |    346 |   2821 |   5 |  829.2 |
               +--------+--------+--------+--------+--------+-----+--------+

Top non-repeatable levels by time:
     D:2: 1222 daAuts
     D:1: 1075 daAuts
     D:3: 909 daAuts
     D:4: 696 daAuts
     D:5: 241 daAuts
